 Dungeon Crawl Stone Soup version 0.31-a0-640-g39d97e502b (webtiles) character file.

Game seed: 9532167137059706203

112 qw the Shooter (level 4, -1/28 HPs)
             Began as a Gargoyle Hunter on Aug 27, 2023.
             Slain by a gnoll
             ... wielding a +1 heavy spear
              (5 damage)
             ... on level 3 of the Dungeon.
             The game lasted 00:00:43 (1387 turns).

qw the Shooter (Gargoyle Hunter)                    Turns: 1387, Time: 00:00:44

Health: -1/28      AC:  8    Str: 15    XL:     4   Next: 93%
Magic:  4/4        EV: 11    Int:  9    God:
Gold:   108        SH:  0    Dex: 15    Spells: 3/3 levels left

rFire   . . .        Y - +1 shortbow
rCold   + + .        (shield currently unavailable)
rNeg    + . .        f - +0 ring mail
rPois   inf          (no helmet)
rElec   +            (no cloak)
rCorr   .            (no gloves)
SInv    .            (no boots)
Will    .....        (no amulet)
Stlth   +            e - ring of protection from cold
HPRegen 0.24/turn    h - ring of protection from cold
MPRegen 0.09/turn

%: no passive effects
@: no status effects
A: sickness immunity, AC +3, negative energy resistance 1, electricity
resistance, torment resistance 1, petrification resistance
a: no special abilities


You were on level 3 of the Dungeon.
You visited 1 branch of the dungeon, and saw 3 of its levels.

You collected 108 gold pieces.


Innate Abilities, Weirdness & Mutations

You are immune to sickness and miasma.
Your stone body is resilient. (AC +3)
You are immune to poison.
You resist negative energy. (rN+)
You are resistant to electric shocks. (rElec)
You are resistant to unholy torment.
You are immune to petrification.


   Skills:
 - Level 3.2 Fighting
 + Level 5.5 Ranged Weapons
 - Level 1.0 Armour
 - Level 1.5 Dodging
 - Level 1.1 Stealth


You had 3 spell levels left.
You didn't know any spells.
Your spell library was empty.

Inventory:

Hand Weapons
 Y - a +1 shortbow (weapon)
Armour
 f - a +0 ring mail (worn)
Jewellery
 e - a ring of protection from cold (left hand)
 h - a ring of protection from cold (right hand)
Scrolls
 a - a scroll of identify
Potions
 g - a potion of mutation {unknown}
 j - a potion of ambrosia {unknown}

Dungeon Overview and Level Annotations

Branches:
Dungeon (3/15)

Altars:

Shops:
D:1 !


Message History

You shoot an arrow. The arrow barely misses the gnoll. x2
A gnoll comes into view. It is wielding a +0 club.
1371 ||| RETREATING.
You shoot an arrow. The arrow hits the gnoll!
You kill the gnoll! 2 gnolls come into view.
A gnoll is wielding a +1 heavy spear.
The gnoll shouts!
Things that are here:
a +2 flail of protection; a gnoll corpse
1376 ||| Stepping ~*~*~tactically~*~*~ (retreating).
The gnoll attacks as it pursues you! The gnoll hits you with a +0 club!
You shoot an arrow. The arrow closely misses the gnoll.
The gnoll hits you with a +0 club!
You shoot an arrow. The arrow barely misses the gnoll.
You shoot an arrow.
The arrow hits the gnoll but does no damage.
The gnoll misses you.
You shoot an arrow. The arrow hits the gnoll!
The gnoll is heavily wounded.
The gnoll hits you but does no damage. The gnoll misses you.
The gnoll hits you with a +0 club. The gnoll barely misses you.
1381 ||| Stepping ~*~*~tactically~*~*~ (retreating).
The gnoll attacks as it pursues you! The gnoll hits you but does no damage.
You shoot an arrow. The arrow hits the gnoll!
You kill the gnoll!
You shoot an arrow. The arrow hits the gnoll!
The gnoll is heavily wounded.
The gnoll hits you from afar with a +1 heavy spear.
The gnoll hits you with a +0 club.
You shoot an arrow. The arrow hits the gnoll.
The gnoll is severely wounded.
The gnoll hits you with a +0 club. The gnoll barely misses you.
You shoot an arrow. The arrow hits the gnoll!
You kill the gnoll!
You shoot an arrow.
The arrow hits the gnoll but does no damage.
The gnoll barely misses you.
You shoot an arrow. The arrow barely misses the gnoll.
The gnoll hits you from afar with a +1 heavy spear.
You die...

###..#.#########
.....#.#
#######.###
..........#
...####.#.#
#.####.#.# .
#.#....#.# ..
#.###..#.#
#.##.##@#.#.#
#....)##.#.#
##..g###.#.#
#.....##..
#.##.##g#.# ..
#. #..# ## #.
g.> #. ..# .. .#


You could see a gnoll.

Vanquished Creatures
  3 gnolls (D:3)
  2 adders
  3 dart slugs
  4 endoplasms (D:1)
  4 giant cockroaches
  6 goblins
  6 hobgoblins
  4 quokkas
  8 ball pythons
  6 bats
  6 frilled lizards (D:1)
  3 kobolds
  4 rats
59 creatures vanquished.

Notes
Turn   | Place    | Note
-------+----------+-------------------------------------------
     0 | D:1      | qw the Gargoyle Hunter began the quest for the Orb.
     0 | D:1      | Reached XP level 1. HP: 12/12 MP: 1/1
     0 | D:1      | 0 ||| qw: Version: 0.3-a-74-g0d5e918
     0 | D:1      | 0 ||| qw: Game counter: 89
     0 | D:1      | 0 ||| qw: Melee chars always use a shield: true
     0 | D:1      | 0 ||| qw: God list: Okawaru
     0 | D:1      | 0 ||| qw: Allow faded altars: false
     0 | D:1      | 0 ||| qw: Do Orc after clearing Dungeon:15 true
     0 | D:1      | 0 ||| qw: Do second Lair branch before Depths: true
     0 | D:1      | 0 ||| qw: Lair rune preference: random
     0 | D:1      | 0 ||| qw: Goals: Normal
     0 | D:1      | 0 ||| PLANNING D:1-11
    43 | D:1      | Found Jelen's Distillery.
    56 | D:1      | 56 ||| SHOPLISTING potion of curing (33 gold, have 15).
    56 | D:1      | 56 ||| SHOPLISTING potion of heal wounds (55 gold, have
                  | 15).
    56 | D:1      | 56 ||| SHOPLISTING potion of resistance (110 gold, have
                  | 15).
    77 | D:1      | Reached XP level 2. HP: 17/17 MP: 2/2
   298 | D:1      | Reached XP level 3. HP: 21/21 MP: 3/3
   366 | D:1      | Reached skill level 5 in Ranged Weapons
   659 | D:1      | 659 ||| UPGRADING to ring of protection from cold.
   660 | D:1      | 660 ||| READING scroll labelled TIONGEOWIAM.
   661 | D:1      | 661 ||| READING scroll labelled INE ZAUQOHU.
   662 | D:1      | 662 ||| READING scroll labelled NONUOSCHU DADIG.
   663 | D:1      | 663 ||| READING scroll labelled RAYCKYL XOYJ.
   664 | D:1      | 664 ||| DROPPING scroll of butterflies.
   870 | D:2      | Reached skill level 3 in Fighting
   873 | D:2      | Reached XP level 4. HP: 28/28 MP: 4/4
  1261 | D:2      | 1261 ||| UPGRADING to +0 ring mail.
  1271 | D:2      | 1271 ||| DROPPING +0 leather armour.
  1272 | D:2      | 1272 ||| UPGRADING to ring of protection from cold.
  1273 | D:2      | 1273 ||| READING scroll labelled MUCRUI OSYLIZ.
  1276 | D:2      | 1276 ||| READING scroll labelled HYNWOLAGUS.
  1277 | D:2      | 1277 ||| READING 2 scrolls labelled ZAAWOL RASCH.
  1278 | D:2      | 1278 ||| DROPPING scroll of immolation.
  1363 | D:3      | Reached skill level 1 in Armour
  1371 | D:3      | 1371 ||| RETREATING.
  1376 | D:3      | 1376 ||| Stepping ~*~*~tactically~*~*~ (retreating).
  1381 | D:3      | 1381 ||| Stepping ~*~*~tactically~*~*~ (retreating).
  1383 | D:3      | HP: 6/28 [gnoll/+1 heavy spear (5)]
  1387 | D:3      | Slain by a gnoll

Levels and vault maps discovered:
D:1:      amcnicky_arrival_flooded_fountain, layout_rooms, serial_shops, shop,
          minmay_tromino_mix6
D:2:      layout_loops_ring
D:3:      layout_basic, grunt_temple_overflow_open, ebering_ghost_rock_garden,
          hex_intersection

Skill      XL: |  1  2  3  4 |
---------------+-------------+-----
Ranged Weapons | 5 |  5.5
Fighting       | 3 |  3.2
Armour         | 1 |  1.0
Dodging        | |  1.5
Stealth        | |  1.1

Action                     |  1- 3 |  4- 6 || total
---------------------------+-------+-------++-------
   Fire: Shortbow          |   124 |    40 ||   164
    Use: Scroll            |     4 |     3 ||     7
 Armour: Leather armour    |    11 |     6 ||    17
         Ring mail         |       |     2 ||     2
  Dodge: Dodged            |    21 |    10 ||    31

Table legend:
 A = Non-vault XP
 B = Vault XP
 C = Vault XP percentage of total XP
 D = Non-vault monster count
 E = Vault monster count
 F = Vault count percentage of total count
                 A         B        C        D         E       F
            +---------+---------+-------+---------+---------+-------
      Total |     150 |      10 |   6.2 |      55 |       4 |   6.8
            +---------+---------+-------+---------+---------+-------
        D:1 |      45 |      10 |  18.2 |      29 |       4 |  12.1
        D:2 |      44 |       0 |   0.0 |      19 |       0 |   0.0
        D:3 |      61 |       0 |   0.0 |       7 |       0 |   0.0
            +---------+---------+-------+---------+---------+-------
